 Dungeon Crawl Stone Soup version 0.23-a0-487-gc6253629db (webtiles) character file.

1755 Naow the Cleaver (level 9, -3/65 HPs)
             Began as a Formicid Fighter on Dec 1, 2018.
             Was an Initiate of Okawaru.
             Slain by a wolf (4 damage)
             ... led by Grum
             ... on level 7 of the Dungeon.
             The game lasted 00:08:42 (8588 turns).

Naow the Cleaver (Formicid Fighter)                 Turns: 8588, Time: 00:08:42

Health: -3/65      AC:  6    Str: 21 (23) XL:     9   Next: 27%
Magic:  18/18      EV: 10    Int: 11 (14) God:    Okawaru [......]
Gold:   565        SH:  9    Dex:  9 (10) Spells: 8/8 levels left

rFire    . . .     SeeInvis +   a - +0 war axe
rCold    . . .     Gourm    .   c - +0 shield
rNeg     . . .     Faith    .   b - +0 scale mail
rPois    .         Spirit   .   (helmet unavailable)
rElec    .         Reflect  .   (no cloak)
rCorr    .         Harm     .   (no gloves)
MR       .....                  (no boots)
Stlth    ..........             (no amulet)
HPRegen  0.20/turn              x - ring of magical power
MPRegen  0.16/turn              o - +2 ring of evasion

@: brilliant
A: permanent stasis, dig shafts and tunnels, four strong arms, antennae 3
a: Dig, Shaft Self, Renounce Religion


You were on level 7 of the Dungeon.
You worshipped Okawaru.
Okawaru was noncommittal.
You were not hungry.

You visited 2 branches of the dungeon, and saw 9 of its levels.

You collected 595 gold pieces.
You spent 30 gold pieces at shops.

Inventory:

Hand Weapons
 a - a +0 war axe (weapon)
Armour
 b - a +0 scale mail (worn)
 c - a +0 shield (worn)
Jewellery
 l - an uncursed ring of ice
 o - a +2 ring of evasion (right hand)
 x - a ring of magical power (left hand)
 E - a +3 ring of dexterity {unknown}
 F - an uncursed amulet of magic regeneration {unknown}
 H - an uncursed ring of see invisible {unknown}
Scrolls
 e - a scroll of magic mapping {unknown}
 j - 12 scrolls of identify {unknown}
 n - 3 scrolls of enchant weapon {unknown}
 q - 4 scrolls of teleportation {unknown}
 t - 3 scrolls of amnesia {unknown}
 u - 2 scrolls of enchant armour {unknown}
 v - a scroll of noise {unknown}
 y - 2 scrolls of fog {unknown}
 A - 4 scrolls of remove curse
 C - a scroll of blinking {unknown}
 D - a scroll of fear {unknown}
Potions
 d - a potion of might
 g - 3 potions of degeneration
 h - a potion of brilliance
 i - a potion of lignification {unknown}
 k - a potion of ambrosia {unknown}
 m - a potion of invisibility {unknown}
 p - a potion of berserk rage {unknown}
 r - 2 potions of resistance {unknown}
 s - 2 potions of curing {unknown}
 w - 2 potions of heal wounds {unknown}
 z - a potion of haste {unknown}
 B - 5 potions of flight {unknown}
Comestibles
 f - 9 rations


   Skills:
 + Level 3.7 Fighting
 - Level 11.0 Axes
 + Level 3.6 Armour
 + Level 4.0 Shields


You had 8 spell levels left.
You didn't know any spells.
Your spell library contained the following spells:

 Spells                   Type           Power        Failure   Level  Hunger
 Animate Skeleton         Necr           N/A          26%         1    ##.....
 Apportation              Tloc           #.....       26%         1    ##.....
 Confusing Touch          Hex            #.....       26%         1    ##.....
 Summon Small Mammal      Summ           #...         26%         1    ##.....
 Static Discharge         Conj/Air       #.......     56%         3    ####...
 Lightning Bolt           Conj/Air       #.........   99%         5    ######.
 Ignition                 Fire           #.........   100%        8    #######
 Shatter                  Erth           #.........   100%        9    #######
 Tornado                  Air            #.........   100%        9    #######


Dungeon Overview and Level Annotations

Branches:
Dungeon (8/15)             Temple (1/1) D:7
   Lair: D:8-11

Altars:
Ashenzari
Cheibriados
Dithmenos
Elyvilon
Fedhas
Gozag
Hepliaklqana
Kikubaaqudgha
Makhleb
Nemelex Xobeh
Okawaru
Qazlal
Ru
Sif Muna
Trog
Uskayaw
Vehumet
Wu Jian
Xom
Yredelemnul
Zin
The Shining One

Shops:
D:4 ?   D:6 (

Annotations:
D:8 Grum


Innate Abilities, Weirdness & Mutations

You cannot be hasted, slowed, berserked, paralysed or teleported.
You can dig through walls and to a lower floor.
Your four strong arms can wield two-handed weapons with a shield.
You have a pair of large antennae on your head. (SInv)


Message History

You hit the wolf.
The wolf is heavily wounded.
The wolf bites you.
* * * LOW HITPOINT WARNING * * *
You block the wolf's attack.
You closely miss the wolf.
The wolf is heavily wounded.
The wolf closely misses you.
It was a potion of degeneration.
There was something very wrong with that liquid.
You feel weakened.
You feel dopey.
You feel clumsy. The wolf bites you.
* * * LOW HITPOINT WARNING * * *
You block the wolf's attack.
It was a potion of brilliance.
You feel clever all of a sudden. The wolf bites you.
* * * LOW HITPOINT WARNING * * *
The wolf bites you.
You die...

#................#....
#................#....
#....#######.#######'#
#....##..#####........
#>....#......'........
#....##......#........
#....##..#####.>......
#....##.##.....#+##+#.
#....@hh.......#....#.
#######..#.....#....#.
#..#.....#....#.
#..#.....#....#.
#..#.....#....'.
#########.#.....######.
#..............##...#..
#..............#.......
#..............#....#..


You could see 2 wolves.

Vanquished Creatures
  A soldier ant (D:7)
  A sky beast (D:7)
  An ice beast (D:7)
  A centaur (D:5)
  A crocodile (D:7)
  A bullfrog (D:6)
  2 scorpions
  3 wights (D:7)
  2 howler monkeys (D:6)
  2 crimson imps
  3 jellies (D:7)
  2 orc priests (D:5)
  Jessica (D:2)
  2 iguanas
  5 orc wizards
  8 worker ants
  3 gnolls (D:4)
  9 adders
  2 shadow imps
  An ooze (D:1)
  An adder skeleton (D:4)
  6 worms
  2 dart slugs
  3 leopard geckos
  21 orcs
  4 bats
  5 giant cockroaches
  4 goblins
  11 hobgoblins
  9 jackals
  A quokka (D:3)
  3 frilled lizards
  11 kobolds
  A quokka skeleton (D:4)
  17 rats
150 creatures vanquished.

Notes
Turn   | Place    | Note
-------+----------+-------------------------------------------
     0 | D:1      | Naow the Formicid Fighter began the quest for the Orb.
     0 | D:1      | Reached XP level 1. HP: 18/18 MP: 1/1
    34 | D:1      | Reached XP level 2. HP: 13/24 MP: 2/2
   218 | D:1      | Reached skill level 3 in Axes
   352 | D:1      | Reached XP level 3. HP: 28/29 MP: 3/3
   828 | D:2      | Noticed Jessica
   836 | D:2      | Killed Jessica
   836 | D:2      | Reached skill level 4 in Axes
   836 | D:2      | Reached XP level 4. HP: 35/35 MP: 4/4
  1301 | D:2      | Reached skill level 5 in Axes
  1301 | D:2      | Reached XP level 5. HP: 35/41 MP: 5/5
  2237 | D:3      | Reached XP level 6. HP: 43/47 MP: 6/6
  2330 | D:3      | Reached skill level 6 in Axes
  3448 | D:4      | Found Diusol's Magic Scroll Shoppe.
  3455 | D:4      | Bought a scroll of remove curse for 30 gold pieces
  3771 | D:4      | Reached XP level 7. HP: 52/52 MP: 7/7
  3790 | D:4      | Reached skill level 7 in Axes
  4681 | D:5      | Entered Level 5 of the Dungeon
  4701 | D:5      | Reached skill level 8 in Axes
  4850 | D:5      | Found a basalt altar of Yredelemnul.
  5032 | D:5      | Reached XP level 8. HP: 56/58 MP: 8/8
  5587 | D:6      | Found Yckonoc's Weapon Shoppe.
  5598 | D:6      | Reached skill level 9 in Axes
  6493 | D:7      | Reached skill level 10 in Axes
  6851 | D:7      | Reached XP level 9. HP: 55/64 MP: 9/9
  7326 | D:7      | Reached skill level 11 in Axes
  7365 | D:7      | HP: 3/64 [poisoned by a soldier ant]
  7816 | D:7      | Found a hazy altar of Hepliaklqana.
  7918 | D:7      | Found a staircase to the Ecumenical Temple.
  7945 | Temple   | Entered the Ecumenical Temple
  8194 | Temple   | Became a worshipper of Warmaster Okawaru
  8547 | D:8      | Noticed Grum
  8588 | D:7      | HP: 1/65 [wolf[Grum] (4)]
  8588 | D:7      | Slain by a wolf

Vault maps used:
D:1:      eino_arrival_cavern_a
D:2:      grunt_ministairs_2, uniq_jessica
D:3:      minmay_bubble_buster
D:4:      serial_shops, nicolae_shop_statue_plus, minmay_vboxes
D:5:      first_ration, yredelemnul_altar_generic
D:6:      serial_shops, shop
D:7:      kennysheep_mini, minmay_temple_entry_glass
D:8:      uniq_grum
Temple:   roderic_octagonal_lattice_temple

Skill      XL: |  1  2  3  4  5  6  7  8  9 |
---------------+----------------------------+-----
Axes           | 3 4 5 6 8 10 11 | 11.0
Shields        | 4 |  4.0
Fighting       | |  3.7
Armour         | |  3.6

Action                   |  1- 3 |  4- 6 |  7- 9 || total
-------------------------+-------+-------+-------++-------
Melee: War axe           |    62 |   221 |   265 ||   548
  Use: Potion            |       |       |     2 ||     2
  Eat: Chunk             |       |     9 |    12 ||    21
       Ration            |       |       |     1 ||     1
Armor: Scale mail        |    21 |    73 |    64 ||   158
Dodge: Dodged            |    25 |    50 |    97 ||   172
Block: Shield            |    34 |   105 |   134 ||   273

Table legend:
 A = Non-vault XP
 B = Vault XP
 C = Vault XP percentage of total XP
 D = Non-vault monster count
 E = Vault monster count
 F = Vault count percentage of total count
                 A         B        C        D         E       F
            +---------+---------+-------+---------+---------+-------
      Total |    2338 |     170 |   6.8 |     132 |      18 |  12.0
            +---------+---------+-------+---------+---------+-------
        D:1 |      50 |       0 |   0.0 |      25 |       0 |   0.0
        D:2 |     121 |      51 |  29.7 |      19 |       3 |  13.6
        D:3 |     137 |      17 |  11.0 |      22 |      11 |  33.3
        D:4 |     250 |     102 |  29.0 |      15 |       4 |  21.1
        D:5 |     434 |       0 |   0.0 |      23 |       0 |   0.0
        D:6 |     282 |       0 |   0.0 |       8 |       0 |   0.0
        D:7 |    1064 |       0 |   0.0 |      20 |       0 |   0.0
            +---------+---------+-------+---------+---------+-------
